 Dungeon Crawl Stone Soup version 0.28.0-1-gb440e238dd (webtiles) character file.

Game seed: 198815577378350145

16 serioussanchez the Skirmisher (level 2, -1/25 HPs)
             Began as a Djinni Cinder Acolyte on Feb 23, 2022.
             Was a High Priest of Ignis.
             Slain by a jackal (3 damage)
             ... on level 1 of the Dungeon.
             The game lasted 00:03:11 (561 turns).

serioussanchez the Skirmisher (DjCA)                 Turns: 561, Time: 00:03:11

Health: -1/25      AC:  2    Str: 13    XL:     2   Next: 70%
Gold:   10         EV: 11    Int: 15    God:    Ignis [*****.] SH:  0 Dex:  8

rFire   + + +      SeeInvis .   a - -1 falchion (flame)
rCold   x . .      Faith    .   (no shield)
rNeg    . . .      Spirit   .   b - +0 robe
rPois   ∞          Reflect  .   (no helmet)
rElec   .          Harm     .   (no cloak)
rCorr   .          Rampage  .   (no gloves)
Will    .....                   (boots unavailable)
Stlth   +.........              (no amulet)
HPRegen 0.08/turn               (no ring)
MPRegen 0.00/turn               (no ring)

@: flying
A: sickness immunity, fire resistance 2, cold vulnerability 1, float, innate
caster, HP casting, extra vitality 1
a: Renounce Religion, Fiery Armour, Foxfire Swarm, Rising Flame


You were on level 1 of the Dungeon.
You worshipped Ignis.
Ignis was extremely pleased with you.
You visited 1 branch of the dungeon, and saw 1 of its levels.

You collected 10 gold pieces.

Inventory:

Hand Weapons
 a - a -1 falchion of flaming (weapon)
Armour
 b - a +0 robe (worn)
 c - a +0 leather armour


   Skills:
 + Level 3.3 Fighting
 + Level 2.9 Long Blades
 + Level 2.6 Spellcasting


You had 4 spell levels left.
You knew the following spells:

 Your Spells              Type           Power      Damage    Failure   Level
a - Scorch                Fire           18%        2d6       11%         2
Your spell library was empty.

Dungeon Overview and Level Annotations

Branches:
Dungeon (1/15)

Altars:

Shops:
D:1 :


Innate Abilities, Weirdness & Mutations

You are immune to sickness and miasma.
You are immune to poison.
Your flesh is very heat resistant. (rF++)
You are vulnerable to cold. (rC-)
You float through the air rather than walking.
You learn spells naturally, not from books.
Your magical power is your life essence.
You have superior vitality. (+4 MHP)


Message History

The dart slug's fire resistance burns away.
The jackal bites you.
Casting: Scorch (safe; 11% risk of failure)
Confirm with . or Enter, or press ? or * to list all spells.
Flames lash the jackal.
The jackal is almost dead.
The jackal's fire resistance burns away.
* * * LOW HITPOINT WARNING * * *
The jackal bites you.
* * * LOW HITPOINT WARNING * * *
The jackal barely misses you.
A rat comes into view.
Found a puce potion.
The jackal is no longer more vulnerable to fire.
The jackal bites you but does no damage.
You see here a scroll labelled FUYRCH CAIROAHO.
d - a scroll labelled FUYRCH CAIROAHO The jackal barely misses you.
The jackal bites you.
* * * LOW HITPOINT WARNING * * *
The jackal bites you but does no damage.
As you read the scroll labelled FUYRCH CAIROAHO, it crumbles to dust.
You speak a Word of immense power!
It was a scroll of holy word.
The jackal barely misses you. The jackal closely misses you.
The jackal bites you but does no damage.
A goblin comes into view. It is wielding a +0 dagger.
The rat bites you.
* * * LOW HITPOINT WARNING * * *
The jackal closely misses you. The jackal bites you.
* * * LOW HITPOINT WARNING * * *
The jackal closely misses you.
You hit the jackal. You burn the jackal.
You kill the jackal!
The jackal closely misses you.
The rat twitches its whiskers.
The jackal misses you. The jackal completely misses you.
The rat twitches its whiskers.
The jackal bites you.
You die...

# ...P. ########## .# ...P.
#....>...##.# P..P.
#...........# .....
#........# ...# #........#
#######...#.
######÷###########.....†.....
#..............####gw###)
#.##....@hg##### #.##
#)##8#.###..## #.#
####.##.#..###.†######.#
#....8.∩>8.# ##r#...w..#
#.#####.#### #.#......####
#.# #8# #.#........... #.#
..# #.w..###.....# #.# #!##
###..# ...#### #.# #.
#......##


You could see a gnoll, a jackal and a rat.

Vanquished Creatures
  A dart slug (D:1)
  3 bats (D:1)
  An endoplasm (D:1)
  3 jackals (D:1)
  2 frilled lizards (D:1)
  A kobold (D:1)
  3 rats (D:1)
14 creatures vanquished.

Notes
Turn   | Place    | Note
-------+----------+-------------------------------------------
     0 | D:1      | serioussanchez the Djinni Cinder Acolyte began the quest
                  | for the Orb.
     0 | D:1      | Reached XP level 1. HP: 20/20 MP: 0/0
   321 | D:1      | Reached XP level 2. HP: 21/25 MP: 0/0
   325 | D:1      | Found Qeuseisa's Book Shoppe.
   554 | D:1      | HP: 1/25 [jackal (2)]
   561 | D:1      | Slain by a jackal

Illustrated notes

Levels and vault maps discovered:
D:1:      dpeg_arrival_court, layout_rooms,
          dreamdust_ecumenical_altar_drowned_temple, serial_shops,
          nicolae_shop_statue_plus, nicolae_grassy_gnolls

Action                   || total
-------------------------++-------
Melee: Falchion          ||    41
 Cast: Scorch            ||     4
  Use: Scroll            ||     1
Armor: Robe              ||    15
Dodge: Dodged            ||    43
